AoeStats
← arthur

Arabia

503437710Analyzed
2v2 RM · 1mo ago on Aug 31, 2026· 13m 3s· 4 players
Game mode
Random Map
Map size
Medium (4 player)
Population
200
Speed
Normal
Resources
Standard
Victory
Conquest
Starting age
Dark Age
Ending age
Imperial Age
RankedLock teamsTeams togetherTeam positionsShared explorationLock speedFull tech treeHidden civsTurbo modeCheats
Victory
Defeat
🇺🇸 Koreans · United States
1420
+11
🇫🇷 Mongols · France
1351
+14
🇰🇼 Ethiopians · Kuwait
1645
-26
🇪🇬 Franks · Egypt
982
-13
arthur
4:51 Loom
7:32 Feudal Age
9:19 Town Watch
11:42 Double-Bit Axe
SweetLou 11
6:51 Loom
9:27 Feudal Age
10:50 Fletching
sohaib10022
4:46 Loom
8:01 Loom
10:32 Feudal Age
11:47 Double-Bit Axe
Subclavian
6:34 Loom
9:17 Feudal Age
10:14 Double-Bit Axe
Connection lost

Rejoining the realm…

Still unreachable

The connection could not be restored.

Session expired

The server has moved on; the page needs a fresh start.